 Dungeon Crawl Stone Soup version 0.20.0-15-g7f486f2 (webtiles) character file.

181 Omegatherion the Chiller (level 5, -2/28 HPs)
             Began as a Gargoyle Ice Elementalist on June 22, 2017.
             Slain by a worker ant (6 damage)
             ... on level 4 of the Dungeon.
             The game lasted 00:09:31 (2259 turns).

Omegatherion the Chiller (GrIE)                     Turns: 2259, Time: 00:09:31

Health: -2/28      AC:  9    Str: 12    XL:     5   Next: 61%
Magic:  9/10       EV: 12    Int: 15    God:
Gold:   170        SH:  0    Dex: 11    Spells: 5/11 levels left

rFire    + . .     SeeInvis .   q - +2 short sword (flame)
rCold    + . .     Gourm    .   (no shield)
rNeg     + . .     Faith    .   r - +2 animal skin
rPois    ∞         Spirit   .   s - +0 helmet
rElec    +         Reflect  .   t - scarf {rC+ rF+}
rCorr    .         Harm     .   (no gloves)
MR       .....                  (no boots)
Stlth    ++........             (no amulet)
Regen    0.1/turn               p - ring of wizardry
MPRegen  0.2/turn               (no ring)

@: no status effects
A: negative energy resistance 1, electricity resistance, unbreathing,
petrification resistance, rot immunity, AC +4
a: no special abilities


You were on level 4 of the Dungeon.
You were very hungry.

You visited 1 branch of the dungeon, and saw 4 of its levels.

You collected 170 gold pieces.

Inventory:

Hand Weapons
 e - a +0 dagger
 m - a +0 spear
 q - a +2 short sword of flaming (weapon)
Armour
 a - a +0 robe
 r - a +2 animal skin (worn)
 s - a +0 helmet (worn)
 t - a scarf of resistance (worn)
Jewellery
 p - a ring of wizardry (left hand)
Scrolls
 d - 5 scrolls of remove curse {unknown}
 f - 3 scrolls of identify {unknown}
 h - 3 scrolls of blinking {unknown}
 i - a scroll of amnesia {unknown}
 u - a scroll of recharging {unknown}
 v - a scroll of noise {unknown}
Potions
 g - 3 potions of curing {unknown}
 j - 2 potions of brilliance {unknown}
 l - 2 potions of lignification {unknown}
 n - a potion of haste {unknown}
 o - 3 potions of agility {unknown}
Books
 b - a book of Frost

   Spells                             Type                      Level
   a - Freeze                         Ice                          1
   b - Throw Frost                    Conjuration/Ice              2
   c - Ozocubu's Armour               Charms/Ice                   3
   d - Throw Icicle                   Conjuration/Ice              4
   e - Summon Ice Beast               Ice/Summoning                4
Comestibles
 c - 2 bread rations
 k - 3 fruits


   Skills:
 - Level 1.5 Dodging
 - Level 2.1 Stealth
 * Level 3.9 Spellcasting
 - Level 1.1 Conjurations
 * Level 4.8 Ice Magic


You had 5 spell levels left.
You knew the following spells:

 Your Spells              Type           Power        Failure   Level  Hunger
a - Freeze                Ice            ###.         1%          1    None
b - Throw Frost           Conj/Ice       ##....       3%          2    ##.....
c - Ozocubu's Armour      Chrm/Ice       ##......     9%          3    ###....


Dungeon Overview and Level Annotations

Branches:
Dungeon (4/15)
 Temple: D:4-7

Altars:

Annotations:
D:3 Omegatherion's ghost, amateur GrFi


Innate Abilities, Weirdness & Mutations

You are resistant to torment.
Your stone body is resilient. (AC +4)
You are immune to poison.
You resist negative energy. (rN+)
You are resistant to electric shocks. (rElec)
You can survive without breathing.
You are immune to petrification.
You are immune to rotting.


Message History

The worker ant misses you.
The howler monkey skeleton barely misses you.
The worker ant closely misses you.
You barely miss the howler monkey skeleton.
The howler monkey skeleton is almost destroyed.
The howler monkey skeleton completely misses you.
The worker ant closely misses you.
You hit the howler monkey skeleton. You burn the howler monkey skeleton.
You destroy the howler monkey skeleton!
The worker ant closely misses you.
The worker ant bites you but does no damage.
Casting: Freeze
Confirm with . or Enter, or press ? or * to list all spells.
Aiming: Freeze
Press: ? - help, Shift-Dir - straight line, f - worker ant
Aim: a worker ant You freeze the worker ant.
The worker ant is lightly wounded.
The worker ant bites you.
You die...

#.# #.#
#.# #.#
..# #.#
#.# ###@#
..#a#
#.#.#
#.#<#
#..###.#.#
..a......#
######.##
#.# #<#


You could see a worker ant.

Vanquished Creatures
  An orc priest (D:3)
  Robin (D:3)
  A howler monkey skeleton (D:4)
  3 adders (D:2)
  3 gnolls (D:3)
  2 worms
  A dart slug (D:2)
  3 orcs (D:3)
  3 bats
  4 giant cockroaches
  13 goblins
  9 hobgoblins
  A jackal (D:1)
  2 quokkas
  5 frilled lizards
  8 kobolds
  7 rats
67 creatures vanquished.

Notes
Turn   | Place    | Note
-------+----------+-------------------------------------------
     0 | D:1      | Omegatherion the Gargoyle Ice Elementalist began the quest for the Orb.
     0 | D:1      | Reached XP level 1. HP: 10/10 MP: 3/3
   250 | D:1      | Reached XP level 2. HP: 15/15 MP: 3/5
   692 | D:2      | Found a faded altar of an unknown god.
   769 | D:2      | Reached XP level 3. HP: 11/19 MP: 6/6
  1098 | D:2      | Reached skill level 4 in Ice Magic
  1277 | D:2      | Reached XP level 4. HP: 24/24 MP: 4/8
  1552 | D:3      | Noticed Robin
  1559 | D:3      | Killed Robin
  1856 | D:3      | Reached XP level 5. HP: 9/28 MP: 0/10
  1999 | D:3      | Learned a level 2 spell: Throw Frost
  2003 | D:3      | Learned a level 3 spell: Ozocubu's Armour
  2238 | D:3      | Noticed Omegatherion's ghost (amateur GrFi)
  2259 | D:4      | Slain by a worker ant

Skill      XL: |  1  2  3 |
---------------+----------+-----
Ice Magic      | 4 |  4.8
Spellcasting   | 3 |  3.9
Dodging        | |  1.5
Stealth        | |  2.1
Conjurations   | |  1.1

Action                   |  1- 3 |  4- 6 || total
-------------------------+-------+-------++-------
Melee: Unarmed           |    12 |       ||    12
       Spear             |    58 |    32 ||    90
       Short sword       |       |    26 ||    26
 Cast: Freeze            |    38 |    32 ||    70
       Throw Frost       |       |     5 ||     5
       Ozocubu's Armour  |       |     4 ||     4
 Stab: Sleeping          |     5 |     1 ||     6
  Eat: Chunk             |     1 |     3 ||     4
Armor: Robe              |    22 |     7 ||    29
       Animal skin       |       |     8 ||     8
Dodge: Dodged            |    56 |    58 ||   114
